 Dungeon Crawl Stone Soup version 0.22.0-76-g6cd1571672 (webtiles) character file.

308 JedernureinKreuz the Conjurer (level 6, -2/44 HPs)
             Began as a Gnoll Conjurer on Sept 15, 2018.
             Slain by a bullfrog (3 damage)
             ... on level 4 of the Dungeon.
             The game lasted 00:11:18 (3402 turns).

JedernureinKreuz the Conjurer (Gnoll Conjurer)      Turns: 3402, Time: 00:11:19

Health: -2/44      AC:  5    Str: 11    XL:     6   Next: 40%
Magic:  3/14       EV: 14    Int: 19    God:
Gold:   140        SH:  0    Dex: 15    Spells: 7/15 levels left

rFire    . . .     SeeInvis .   b - +2 quarterstaff (chaos)
rCold    . . .     Gourm    .   (shield currently unavailable)
rNeg     . . .     Faith    +   g - +0 leather armour
rPois    .         Spirit   .   j - +0 helmet
rElec    .         Reflect  .   u - +0 cloak
rCorr    .         Harm     .   (no gloves)
MR       .....                  (no boots)
Stlth    +++.......             k - amulet of faith
HPRegen  0.14/turn              (no ring)
MPRegen  0.14/turn              (no ring)

@: lethally poisoned (-2 -> -28)
A: distributed training, fangs 1, strong nose
a: no special abilities


You were on level 4 of the Dungeon.
You were not hungry.

You visited 1 branch of the dungeon, and saw 4 of its levels.

You collected 140 gold pieces.

Inventory:

Hand Weapons
 a - a +1 dagger of pain
 b - a +2 quarterstaff of chaos (weapon)
 d - a +0 club
 h - a +0 dagger
 m - a +0 hunting sling
 y - a +1 spear of piercing
Missiles
 i - 75 stones (quivered)
 o - 24 arrows
 r - 96 bolts
 D - 16 sling bullets
Armour
 g - a +0 leather armour (worn)
 j - a +0 helmet (worn)
 q - a +0 robe
 u - a +0 cloak (worn)
 w - a +0 leather armour
 z - a +0 cloak
Jewellery
 k - an amulet of faith (around neck)
 p - an uncursed ring of fire {unknown}
Wands
 x - a wand of enslavement (15)
 E - a wand of polymorph (8)
Scrolls
 e - 3 scrolls of remove curse {unknown}
 l - 3 scrolls of fog {unknown}
 n - a scroll of immolation {unknown}
 t - 2 scrolls of identify {unknown}
 v - a scroll of random uselessness {unknown}
 B - a scroll of blinking {unknown}
Potions
 f - 2 potions of heal wounds {unknown}
 s - a potion of curing {unknown}
 A - a potion of agility {unknown}
Comestibles
 c - 7 rations
 C - 4 chunks of flesh


   Skills:
 + Level 1.9 Fighting
 + Level 1.9 Short Blades
 + Level 1.9 Long Blades
 + Level 1.9 Axes
 + Level 1.9 Maces & Flails
 + Level 1.9 Polearms
 + Level 1.9 Staves
 + Level 1.9 Slings
 + Level 1.9 Bows
 + Level 1.9 Crossbows
 + Level 1.9 Throwing
 + Level 1.9 Armour
 + Level 5.0 Dodging
 + Level 4.6 Stealth
 + Level 1.9 Shields
 + Level 1.9 Unarmed Combat
 + Level 5.3 Spellcasting
 + Level 7.3 Conjurations
 + Level 1.5 Hexes
 + Level 1.5 Charms
 + Level 1.5 Summonings
 + Level 1.5 Necromancy
 + Level 1.5 Translocations
 + Level 1.5 Transmutations
 + Level 1.5 Fire Magic
 + Level 1.5 Ice Magic
 + Level 1.5 Air Magic
 + Level 1.5 Earth Magic
 + Level 1.5 Poison Magic
 + Level 2.1 Invocations
 + Level 1.9 Evocations


You had 7 spell levels left.
You knew the following spells:

 Your Spells              Type           Power        Failure   Level  Hunger
a - Magic Dart            Conj           ####         1%          1    None
b - Iskenderun's Mystic   Conj           ####....     8%          4    ####...
c - Dazzling Spray        Conj/Hex       ###...       8%          3    ##.....

Your spell library contained the following spells:

 Spells                   Type           Power        Failure   Level  Hunger
 Searing Ray              Conj           ####..       1%          2    None
 Force Lance              Conj/Tloc      ###.....     26%         4    ####...
 Fulminant Prism          Conj/Hex       ###.......   26%         4    ####...


Dungeon Overview and Level Annotations

Branches:
Dungeon (4/15)
 Temple: D:4-7

Altars:


Innate Abilities, Weirdness & Mutations

Your experience applies equally to all skills.
You have very sharp teeth.
Your uncanny sense of smell can sniff out nearby items.


Message History

You closely miss the orc wizard.
The orc wizard is severely wounded.
You feel sick.
The bullfrog hits you but does no damage.
The orc wizard misses you. The bullfrog misses you.
A worker ant comes into view.
The orc wizard hits you with a dagger of venom.
* * * LOW HITPOINT WARNING * * *
You are more poisoned.
The worker ant twitches its antennae in your direction.
You hit the orc wizard.
You smell decay.
You bite the orc wizard, but do no damage.
The orc wizard is severely wounded.
* * * LOW HITPOINT WARNING * * *
You feel sick. The bullfrog hits you.
* * * LOW HITPOINT WARNING * * *
The orc wizard hits you but does no damage.
You are more poisoned.
The bullfrog hits you.
You die...

#.## ##.# #.##
########.#
.........##
..........#
.>........##
...........#
.......@oo.##
........F...#
............#
.........(.[.#
............)a..
................
#......%.....####
##!..........#
##.........##


You could see a bullfrog, a worker ant, an orc priest and an orc wizard.

Vanquished Creatures
  2 hounds (D:4)
  2 orc priests
  An orc wizard (D:4)
  Crazy Yiuf (D:2)
  Jessica (D:1)
  Robin (D:2)
  2 adders (D:3)
  3 oozes
  A dart slug (D:2)
  2 leopard geckos (D:3)
  3 orcs (D:2)
  A giant cockroach (D:3)
  19 goblins
  4 hobgoblins
  8 kobolds
  3 ball pythons
  8 bats
  3 frilled lizards
  3 rats
68 creatures vanquished.

Notes
Turn   | Place    | Note
-------+----------+-------------------------------------------
     0 | D:1      | JedernureinKreuz the Gnoll Conjurer began the quest for the
                  | Orb.
     0 | D:1      | Reached XP level 1. HP: 13/13 MP: 6/6
   365 | D:1      | Reached XP level 2. HP: 16/19 MP: 5/7
   879 | D:2      | Noticed Robin
   880 | D:2      | Noticed Jessica
   889 | D:1      | Killed Jessica
   889 | D:1      | Reached skill level 5 in Spellcasting
   889 | D:1      | Reached skill level 1 in Invocations
   889 | D:1      | Reached XP level 3. HP: 19/25 MP: 3/9
   999 | D:1      | Reached skill level 1 in Fighting
   999 | D:1      | Reached skill level 1 in Short Blades
   999 | D:1      | Reached skill level 1 in Long Blades
   999 | D:1      | Reached skill level 1 in Axes
   999 | D:1      | Reached skill level 1 in Maces & Flails
   999 | D:1      | Reached skill level 1 in Polearms
   999 | D:1      | Reached skill level 1 in Staves
   999 | D:1      | Reached skill level 1 in Slings
   999 | D:1      | Reached skill level 1 in Bows
   999 | D:1      | Reached skill level 1 in Crossbows
   999 | D:1      | Reached skill level 1 in Throwing
   999 | D:1      | Reached skill level 1 in Armour
   999 | D:1      | Reached skill level 1 in Shields
   999 | D:1      | Reached skill level 1 in Unarmed Combat
   999 | D:1      | Reached skill level 1 in Evocations
  1180 | D:1      | Reached XP level 4. HP: 7/32 MP: 8/11
  1435 | D:2      | Killed Robin
  1809 | D:2      | Found a runed door.
  1884 | D:2      | Reached skill level 1 in Hexes
  1884 | D:2      | Reached skill level 1 in Charms
  1884 | D:2      | Reached skill level 1 in Summonings
  1884 | D:2      | Reached skill level 1 in Necromancy
  1884 | D:2      | Reached skill level 1 in Translocations
  1884 | D:2      | Reached skill level 1 in Transmutations
  1884 | D:2      | Reached skill level 1 in Fire Magic
  1884 | D:2      | Reached skill level 1 in Ice Magic
  1884 | D:2      | Reached skill level 1 in Air Magic
  1884 | D:2      | Reached skill level 1 in Earth Magic
  1884 | D:2      | Reached skill level 1 in Poison Magic
  1884 | D:2      | Reached XP level 5. HP: 24/37 MP: 4/12
  2227 | D:2      | Noticed Crazy Yiuf
  2234 | D:2      | Killed Crazy Yiuf
  3305 | D:4      | Learned a level 4 spell: Iskenderun's Mystic Blast
  3309 | D:4      | Learned a level 3 spell: Dazzling Spray
  3317 | D:4      | Reached XP level 6. HP: 30/44 MP: 5/13
  3394 | D:4      | Reached skill level 5 in Dodging
  3402 | D:4      | HP: 2/44 [poisoned by an orc wizard]
  3402 | D:4      | Slain by a bullfrog

Skill      XL: |  1  2  3  4  5  6 |
---------------+-------------------+-----
Spellcasting   | 5 |  5.3
Invocations    | 1 2 |  2.1
Fighting       | 1 |  1.9
Short Blades   | 1 |  1.9
Long Blades    | 1 |  1.9
Axes           | 1 |  1.9
Maces & Flails | 1 |  1.9
Polearms       | 1 |  1.9
Staves         | 1 |  1.9
Slings         | 1 |  1.9
Bows           | 1 |  1.9
Crossbows      | 1 |  1.9
Throwing       | 1 |  1.9
Armour         | 1 |  1.9
Shields        | 1 |  1.9
Unarmed Combat | 1 |  1.9
Evocations     | 1 |  1.9
Hexes          | 1 |  1.5
Charms         | 1 |  1.5
Summonings     | 1 |  1.5
Necromancy     | 1 |  1.5
Translocations | 1 |  1.5
Transmutations | 1 |  1.5
Fire Magic     | 1 |  1.5
Ice Magic      | 1 |  1.5
Air Magic      | 1 |  1.5
Earth Magic    | 1 |  1.5
Poison Magic   | 1 |  1.5
Dodging        | 5 |  5.0
Stealth        | |  4.6
Conjurations   | |  7.3

Action                   |  1- 3 |  4- 6 || total
-------------------------+-------+-------++-------
Melee: Dagger            |    32 |     4 ||    36
       Bite              |     2 |     3 ||     5
       Quarterstaff      |       |    21 ||    21
 Cast: Magic Dart        |    29 |    87 ||   116
 Stab: Sleeping          |       |     1 ||     1
  Eat: Chunk             |     1 |     6 ||     7
Armor: Leather armour    |     9 |    11 ||    20
Dodge: Dodged            |    39 |    24 ||    63
